 Dungeon Crawl Stone Soup version 0.30-a0-702-gdf48620a09 (webtiles) character file.

Game seed: 9421918637117079875

97 zinnoa the Grasshopper (level 5, -4/42 HPs)
             Began as a Meteoran Warper on Jan 22, 2023.
             Splashed by a jelly's acid (8 damage)
             ... on level 4 of the Dungeon.
             The game lasted 00:13:26 (2328 turns).

zinnoa the Grasshopper (Meteoran Warper)            Turns: 2328, Time: 00:13:27

Health: -4/42      AC: -10   Str: 15    XL:     5   Next: 20%
Magic:  10/10      EV: 12    Int: 14    God:
Gold:   142        SH:  0    Dex: 13    Spells: 3/10 levels left

rFire   . . .      SeeInvis .    a - +0 mace
rCold   . . .      Faith    .    (no shield)
rNeg    . . .      Spirit   .    b - +0 leather armour
rPois   .          Reflect  .    k - +0 helmet
rElec   .          Harm     .    (no cloak)
rCorr   .          Rampage  .    o - +0 pair of gloves
Will    .....                    (no boots)
Stlth   +                        j - amulet of magic regeneration
HPRegen 0.27/turn                (no ring)
MPRegen 0.52/turn                (no ring)

@: corroded, glowing, bezotted
A: sense surroundings 1, otherworldly, glowing, explore regen
a: no special abilities


You were on level 4 of the Dungeon.
You visited 1 branch of the dungeon, and saw 4 of its levels.

You collected 142 gold pieces.

Inventory:

Hand Weapons
 a - a +0 mace (weapon)
Missiles
 d - 7 boomerangs of dispersal (quivered)
Armour
 b - a +0 leather armour (worn)
 k - a +0 helmet (worn)
 o - a +0 pair of gloves (worn)
Jewellery
 j - an amulet of magic regeneration (around neck)
Scrolls
 c - 2 scrolls of blinking
 e - a scroll of magic mapping {unknown}
 l - a scroll of silence {unknown}
 m - 2 scrolls of identify {unknown}
 p - a scroll of enchant weapon {unknown}
 q - a scroll of amnesia {unknown}
Potions
 n - 2 potions of curing {unknown}


   Skills:
 * Level 2.6 Fighting
 + Level 3.7 Maces & Flails
 + Level 1.2 Throwing
 + Level 2.3 Armour
 + Level 3.3 Dodging
 * Level 3.0 Spellcasting
 * Level 4.4 Translocations


You had 3 spell levels left.
You knew the following spells:

 Your Spells              Type           Power      Damage    Failure   Level
a - Blink                 Tloc           28%        N/A       6%          2
b - Lesser Beckoning      Tloc           28%        N/A       6%          2
c - Vhi's Electric Charg  Tloc/Air       16%        N/A       32%         3

Your spell library contained the following spells:

 Spells                   Type           Power      Damage    Failure   Level
 Teleport Other           Tloc           14%        N/A       13%         3
 Manifold Assault         Tloc           14%        N/A       38%         4


Dungeon Overview and Level Annotations

Branches:
Dungeon (4/15) Zot: 33
 Temple: D:4-7

Altars:
Sif Muna
Trog
Wu Jian


Innate Abilities, Weirdness & Mutations

You passively map a small area around you.
You are easily found by Zot.
You glow in the dark.
You regain HP and MP as you explore.


Message History

As you open the door, it creaks loudly!
The jelly jiggles.
Found a scroll labelled CAWAMU WAIREL.
There is an open door here.
Casting: Blink (safe; 6% risk of failure)
Confirm with . or Enter, or press ? or * to list all spells.
You blink.
Found a stone staircase leading up.
Zot draws nearer.
Dive deeper or flee this branch before you suffer!
You are a level 5 Meteoran Warper.
You are 20% of the way to level 6.
Play time: 00:13:03 (2312 turns).
Zot will find you in 49 turns if you stay in this branch and explore no new floors.
Unknown command.
Casting: Blink (safe; 6% risk of failure)
Confirm with . or Enter, or press ? or * to list all spells.
Okay, then.
Casting: Blink (safe; 6% risk of failure)
Confirm with . or Enter, or press ? or * to list all spells.
The spell is quite dangerous to miscast (32% risk of failure)!
Continue anyway?
Okay, then.
Unknown command.
Casting: Vhi's Electric Charge (quite dangerous; 32% risk of failure)
Confirm with . or Enter, or press ? or * to list all spells.
Okay, then.
You feel stable enough to blink again. The jelly barely misses you.
The jelly hits you. The acid corrodes you!
You are splashed with acid!
* * * LOW HITPOINT WARNING * * *
The jelly misses you. The jelly barely misses you.
The jelly attacks as you move away! The jelly hits you.
* * * LOW HITPOINT WARNING * * *
The acid corrodes you!
You are splashed with acid!
* * * LOW HITPOINT WARNING * * *
There is an open door here.
The jelly attacks as you move away! The jelly barely misses you.
The jelly attacks as you move away! The jelly barely misses you.
The jelly attacks as you move away! The jelly hits you.
* * * LOW HITPOINT WARNING * * *
The acid corrodes you!
You are splashed with acid!
You die...

.# ####.##### * .# #.# * * , .#
#########.# ##+## * ####*
#.........# ##...## #.#.##
#.######..### ##.?...## * #....
#.# ##[...###.......##
#....####.#####...#.##.........#
#....................'.........+
#...##.##.###.#.@J####........<#*
#..##.###........## ##.......##
#.#.## #####.#### ##.....## #..##
#.....# ##...## #.## #..##.#
######### #.# #..##.# ###........
#.# #..##.## #.......... #.#
#......# #.#........ #.# #.###..#
#..########


You could see a jelly.

Vanquished Creatures
  An iguana (D:4)
  2 adders
  A worm (D:2)
  2 dart slugs (D:1)
  6 ball pythons
  6 bats
  3 endoplasms
  3 giant cockroaches
  3 goblins
  A hobgoblin (D:4)
  4 jackals (D:3)
  2 quokkas
  5 kobolds
  4 rats
43 creatures vanquished.

Vanquished Creatures (others)
  2 fungi (D:3)
  A plant (D:3)
3 creatures vanquished.

Grand Total: 46 creatures vanquished

Notes
Turn   | Place    | Note
-------+----------+-------------------------------------------
     0 | D:1      | zinnoa the Meteoran Warper began the quest for the Orb.
     0 | D:1      | Reached XP level 1. HP: 17/17 MP: 5/5
    60 | D:1      | Reached XP level 2. HP: 16/24 MP: 6/6
   107 | D:1      | Learned a level 2 spell: Blink
   110 | D:1      | Learned a level 2 spell: Lesser Beckoning
   315 | D:1      | Reached XP level 3. HP: 29/29 MP: 8/8
   395 | D:1      | Reached skill level 4 in Translocations
   486 | D:1      | Glimpsed the power of Zot.
   812 | D:2      | Learned a level 3 spell: Vhi's Electric Charge
  1081 | D:2      | Glimpsed the power of Zot.
  1126 | D:3      | Found a faded altar of an unknown god.
  1129 | D:3      | Reached XP level 4. HP: 35/37 MP: 9/9
  1328 | D:3      | Found a bloodstained altar of Trog.
  1368 | D:3      | Found an ornate altar of the Wu Jian Council.
  1666 | D:3      | Glimpsed the power of Zot.
  1992 | D:4      | Reached XP level 5. HP: 15/42 MP: 10/10
  2229 | D:4      | Found a shimmering blue altar of Sif Muna.
  2261 | D:4      | Glimpsed the power of Zot.
  2311 | D:4      | Glimpsed the power of Zot.
  2328 | D:4      | Splashed by a jelly's acid

Illustrated notes

Levels and vault maps discovered:
D:1:      matt_arrival_diagonals, layout_basic
D:2:      layout_basic
D:3:      layout_loops_cross, nicolae_wu_jian_wuxing_cycle,
          mainiacjoe_overflow_tiny_flanked, overflow_temple_1_default,
          minitemple, shapermc_ecumenical_altar_acropolis, uniq_terence,
          uniq_sigmund
D:4:      layout_loops_corners, lemuel_blue_sif_altar,
          gammafunk_ghost_mausoleum, chequers_serial_rivers_room_b,
          uniq_menkaure

Skill      XL: |  1  2  3  4 |
---------------+-------------+-----
Maces & Flails | 3 |  3.7
Dodging        | 3 |  3.3
Translocations | 4 |  4.4
Armour         | 2 |  2.3
Spellcasting   | 3 |  3.0
Fighting       | |  2.6
Throwing       | |  1.2

Action                   |  1- 3 |  4- 6 || total
-------------------------+-------+-------++-------
Melee: Mace              |    79 |    73 ||   152
       Punch             |     1 |     1 ||     2
 Cast: Vhi's Electric Ch |     1 |       ||     1
       Blink             |       |     5 ||     5
  Use: Potion            |       |     4 ||     4
Armor: Leather armour    |    36 |    53 ||    89
Dodge: Dodged            |    65 |    47 ||   112

Table legend: (Time is in decaauts)
 A = Elapsed time spent in this place.
 B = Non-inter-level travel time spent in this place.
 C = Inter-level travel time spent in this place.
 D = Time resting spent in this place.
 E = Time spent auto-exploring this place.
 F = Levels seen in this place.
 G = Mean time per level.
                   A        B        C        D        E       F      G
               +--------+--------+--------+--------+--------+-----+--------+
         Total |   2366 |   2326 |     40 |    782 |    915 |   4 |  591.5 |
       Dungeon |   2366 |   2326 |     40 |    782 |    915 |   4 |  591.5 |
               +--------+--------+--------+--------+--------+-----+--------+

Top non-repeatable levels by time:
     D:4: 652 daAuts
     D:2: 625 daAuts
     D:3: 584 daAuts
     D:1: 505 daAuts
